BSA
MAUI TROPICS @ PHILADELPHIA ATHLETICS
04/07/2028
 
TOP OF THE 1ST
Maui Tropics batting - Pitching for Niagara Falls Frenzy : RHP Jesse Green
Pitching: RHP Jesse Green
Batting: LHB Mike Pearson 0-0: Ball
1-0: Ball
2-0: Ball
3-0: Called Strike
3-1: Swinging Strike
3-2: Foul Ball, location: 2F
3-2: Strikes out swinging
Batting: LHB Luis Antonio Torres 0-0: Ball
1-0: Ground out U3 (Groundball, 3L)
Batting: RHB Jesús Espinoza 0-0: Ball
1-0: Ball
2-0: Foul Ball, location: 2F
2-1: SINGLE (Line Drive, 78M)
Batting: RHB Luis Alou 0-0: Called Strike
0-1: SINGLE (Line Drive, 89M)
Jesús Espinoza to second
Batting: RHB José Herrera 0-0: Ball
1-0: Fly out, F8 (Flyball, 8RD)
Top of the 1st over - 0 run(s), 2 hit(s), 0 error(s), 2 left on base; Maui 0 - Niagara Falls 0
BOTTOM OF THE 1ST
Niagara Falls Frenzy batting - Pitching for Maui Tropics : RHP Steve Floyd
Pitching: RHP Steve Floyd
Batting: RHB Kel Pierce 0-0: Called Strike
0-1: Ball
1-1: Fly out, F8 (Flyball, 89D)
Batting: LHB Yasuhiko Onodera 0-0: Ball
1-0: SINGLE (Line Drive, 4MD)
Batting: LHB Clyde Yarbrough 0-0: Called Strike
0-1: Ball
1-1: Called Strike
Yasuhiko Onodera is caught stealing 2nd base
1-2: Fly out, F8 (Flyball, 8LD)
Bottom of the 1st over - 0 run(s), 1 hit(s), 0 error(s), 0 left on base; Maui 0 - Niagara Falls 0
TOP OF THE 2ND
Maui Tropics batting - Pitching for Niagara Falls Frenzy : RHP Jesse Green
Batting: LHB José Rivas 0-0: Called Strike
0-1: Foul Ball, location: 2F
0-2: Ball
1-2: Foul Ball, location: 2F
1-2: Ball
2-2: Foul Ball, location: 2F
2-2: Ball
3-2: Strikes out looking
Batting: RHB Michael Woodruff 0-0: Ground out 5-3 (Groundball, 56S)
Batting: RHB Matt Silver 0-0: Foul Ball, location: 2F
0-1: Foul Ball, location: 2F
0-2: Ball
1-2: Strikes out swinging
Top of the 2nd over - 0 run(s), 0 hit(s), 0 error(s), 0 left on base; Maui 0 - Niagara Falls 0
BOTTOM OF THE 2ND
Niagara Falls Frenzy batting - Pitching for Maui Tropics : RHP Steve Floyd
Batting: SHB Martín De Jesús 0-0: Called Strike
0-1: Swinging Strike
0-2: Strikes out swinging
Batting: RHB Zander Tremblett 0-0: Ball
1-0: Ball
2-0: Ground out 1-3 (Groundball, P)
Batting: RHB Anastasio Villa 0-0: Swinging Strike
0-1: Fly out, F9 (Flyball, 9S)
Bottom of the 2nd over - 0 run(s), 0 hit(s), 0 error(s), 0 left on base; Maui 0 - Niagara Falls 0
TOP OF THE 3RD
Maui Tropics batting - Pitching for Niagara Falls Frenzy : RHP Jesse Green
Batting: LHB Mario Olivares 0-0: Ball
1-0: Called Strike
1-1: Fly out, F6 (Popup, 56D)
Batting: LHB Mike Pearson 0-0: Ball
1-0: Swinging Strike
1-1: Swinging Strike
1-2: Ball
2-2: Strikes out looking
Batting: LHB Luis Antonio Torres 0-0: Called Strike
0-1: Ball
1-1: Ground out 4-3 (Groundball, 4)
Top of the 3rd over - 0 run(s), 0 hit(s), 0 error(s), 0 left on base; Maui 0 - Niagara Falls 0
BOTTOM OF THE 3RD
Niagara Falls Frenzy batting - Pitching for Maui Tropics : RHP Steve Floyd
Batting: RHB Troy Lau 0-0: Ball
1-0: Called Strike
1-1: Called Strike
1-2: Ball
2-2: Ball
3-2: Ground out 1-3 (Groundball, P)
Batting: RHB Jung-ha Kim 0-0: Foul Ball, location: 2F
0-1: Called Strike
0-2: Ball
1-2: Foul Ball, location: 2F
1-2: Ball
2-2: Ball
3-2: Strikes out looking
Batting: RHB Santiago Zambrano 0-0: Foul Ball, location: 2F
0-1: Ball
1-1: Called Strike
1-2: Foul Ball, location: 2F
1-2: Ball
2-2: SINGLE (Groundball, 56D)
Batting: RHB Kel Pierce 0-0: 2-RUN HOME RUN (Flyball, 78XD), Distance : 409 ft
Batting: LHB Yasuhiko Onodera 0-0: Ball
1-0: Fly out, F7 (Flyball, 7D)
Bottom of the 3rd over - 2 run(s), 2 hit(s), 0 error(s), 0 left on base; Maui 0 - Niagara Falls 2
TOP OF THE 4TH
Maui Tropics batting - Pitching for Niagara Falls Frenzy : RHP Jesse Green
Batting: RHB Jesús Espinoza 0-0: Called Strike
0-1: Ball
1-1: Fly out, F8 (Line Drive, 8LS)
Batting: RHB Luis Alou 0-0: Ball
1-0: Foul Ball, location: 2F
1-1: Ball
2-1: Swinging Strike
2-2: SINGLE (Groundball, 34D)
Batting: RHB José Herrera 0-0: Ball
1-0: Foul Ball, location: 2F
1-1: Ball
2-1: Foul Ball, location: 2F
2-2: Ball
3-2: SINGLE (Groundball, 56D)
Luis Alou to second
Batting: LHB José Rivas 0-0: Ball
1-0: Ball
2-0: Ball
3-0: Called Strike
3-1: Fielders Choice at 2nd, 4-6 (Groundball, 4)
Luis Alou to third
Batting: RHB Michael Woodruff 0-0: Ball
1-0: Called Strike
1-1: Ball
2-1: Fielders Choice at 2nd, 5-4 (Groundball, 5L)
Top of the 4th over - 0 run(s), 2 hit(s), 0 error(s), 1 left on base; Maui 0 - Niagara Falls 2
BOTTOM OF THE 4TH
Niagara Falls Frenzy batting - Pitching for Maui Tropics : RHP Steve Floyd
Batting: LHB Clyde Yarbrough 0-0: DOUBLE (Line Drive, 8RXD)
Batting: SHB Martín De Jesús 0-0: Called Strike
0-1: Ball
1-1: Ball
2-1: Ball
3-1: Called Strike
3-2: Base on Balls
Batting: RHB Zander Tremblett 0-0: Fly out, F5 (Popup, 56)
Batting: RHB Anastasio Villa 0-0: Called Strike
0-1: Called Strike
0-2: Ball
1-2: Hit by Pitch
Clyde Yarbrough to third
Martín De Jesús to second
Batting: RHB Troy Lau 0-0: Foul Ball, location: 2F
0-1: Called Strike
0-2: Ball
1-2: Ball
2-2: Foul Ball, location: 2F
2-2: Strikes out swinging
Batting: RHB Jung-ha Kim 0-0: Ball
1-0: Ball
2-0: Called Strike
2-1: Fly out, F9 (Line Drive, 89S)
Bottom of the 4th over - 0 run(s), 1 hit(s), 0 error(s), 3 left on base; Maui 0 - Niagara Falls 2
TOP OF THE 5TH
Maui Tropics batting - Pitching for Niagara Falls Frenzy : RHP Jesse Green
Batting: RHB Matt Silver 0-0: Called Strike
0-1: Called Strike
0-2: Ball
1-2: Foul Ball, location: 2F
1-2: Ball
2-2: Foul Ball, location: 2F
2-2: Ball
3-2: Foul Ball, location: 2F
3-2: Foul Ball, location: 2F
3-2: Foul Ball, location: 2F
3-2: Ground out 5-3 (Groundball, 56)
Batting: LHB Mario Olivares 0-0: Foul Ball, location: 2F
0-1: Foul Ball, location: 2F
0-2: Ground out U3 (Groundball, 3)
Batting: LHB Mike Pearson 0-0: Ball
1-0: Called Strike
1-1: Ball
2-1: Ball
3-1: SINGLE (Line Drive, 9S)
Batting: LHB Luis Antonio Torres 0-0: Called Strike
0-1: Ball
1-1: Foul Ball, location: 2F
1-2: Foul Ball, location: 2F
1-2: Fly out, F8 (Flyball, 8LM)
Top of the 5th over - 0 run(s), 1 hit(s), 0 error(s), 1 left on base; Maui 0 - Niagara Falls 2
BOTTOM OF THE 5TH
Niagara Falls Frenzy batting - Pitching for Maui Tropics : RHP Steve Floyd
Batting: RHB Santiago Zambrano 0-0: Ball
1-0: Ball
2-0: Called Strike
2-1: Fly out, F9 (Flyball, 89S)
Batting: RHB Kel Pierce 0-0: Called Strike
0-1: Ball
1-1: Ball
2-1: Foul Ball, location: 2F
2-2: Foul Ball, location: 2F
2-2: Foul Ball, location: 2F
2-2: Ball
3-2: Ground out 6-3 (Groundball, 56)
Batting: LHB Yasuhiko Onodera 0-0: Called Strike
0-1: Ball
1-1: Foul Ball, location: 2F
1-2: Foul Ball, location: 2F
1-2: Ground out U3 (Groundball, 34S)
Bottom of the 5th over - 0 run(s), 0 hit(s), 0 error(s), 0 left on base; Maui 0 - Niagara Falls 2
TOP OF THE 6TH
Maui Tropics batting - Pitching for Niagara Falls Frenzy : RHP Jesse Green
Batting: RHB Jesús Espinoza 0-0: Ball
1-0: Called Strike
1-1: SINGLE (Groundball, 34S) (infield hit)
Batting: RHB Luis Alou 0-0: Ball
1-0: Grounds into double play, 5-4-3 (Groundball, 5)
Batting: RHB José Herrera 0-0: DOUBLE (Line Drive, 8RD)
Batting: LHB José Rivas 0-0: Called Strike
0-1: Ball
1-1: Swinging Strike
1-2: Ball
2-2: Ground out 6-3 (Groundball, 6)
Top of the 6th over - 0 run(s), 2 hit(s), 0 error(s), 1 left on base; Maui 0 - Niagara Falls 2
BOTTOM OF THE 6TH
Niagara Falls Frenzy batting - Pitching for Maui Tropics : RHP Steve Floyd
Batting: LHB Clyde Yarbrough 0-0: Swinging Strike
0-1: Ball
1-1: Ground out 6-3 (Groundball, 6)
Batting: SHB Martín De Jesús 0-0: Ball
1-0: Ball
2-0: Ball
3-0: Called Strike
3-1: Foul Ball, location: 2F
3-2: Ground out 6-3 (Groundball, 6M)
Batting: RHB Zander Tremblett 0-0: Ball
1-0: Ball
2-0: Called Strike
2-1: Fly out, F9 (Flyball, 9D)
Bottom of the 6th over - 0 run(s), 0 hit(s), 0 error(s), 0 left on base; Maui 0 - Niagara Falls 2
TOP OF THE 7TH
Maui Tropics batting - Pitching for Niagara Falls Frenzy : RHP Jesse Green
Batting: RHB Michael Woodruff 0-0: Swinging Strike
0-1: Foul Ball, location: 2F
0-2: Strikes out swinging
Batting: RHB Matt Silver 0-0: Ball
1-0: Called Strike
1-1: Ball
2-1: Ball
3-1: SINGLE (Groundball, 56) (infield hit)
Batting: LHB Mario Olivares 0-0: Ball
1-0: SINGLE (Groundball, 6MD)
Matt Silver to second
Batting: LHB Mike Pearson 0-0: Fly out, F2 (Popup, 25)
Batting: LHB Luis Antonio Torres 0-0: Swinging Strike
0-1: Fly out, F6 (Popup, 6D)
Top of the 7th over - 0 run(s), 2 hit(s), 0 error(s), 2 left on base; Maui 0 - Niagara Falls 2
BOTTOM OF THE 7TH
Niagara Falls Frenzy batting - Pitching for Maui Tropics : RHP Steve Floyd
Batting: RHB Anastasio Villa 0-0: Ball
1-0: Ball
2-0: Called Strike
2-1: Called Strike
2-2: Fly out, F8 (Flyball, 8LM)
Batting: RHB Troy Lau 0-0: Swinging Strike
0-1: Fly out, F9 (Flyball, 9)
Batting: RHB Jung-ha Kim 0-0: Called Strike
0-1: Ball
1-1: Called Strike
1-2: DOUBLE (Line Drive, 78S)
Pitching: RHP Luis De Los Ángeles
Batting: RHB Santiago Zambrano 0-0: Ball
1-0: Ball
2-0: Ground out 4-3 (Groundball, 4)
Bottom of the 7th over - 0 run(s), 1 hit(s), 0 error(s), 1 left on base; Maui 0 - Niagara Falls 2
TOP OF THE 8TH
Maui Tropics batting - Pitching for Niagara Falls Frenzy : RHP Jesse Green
Batting: RHB Jesús Espinoza 0-0: Ball
1-0: Called Strike
1-1: Ball
2-1: SINGLE (Groundball, 4MD)
Batting: RHB Luis Alou 0-0: Called Strike
0-1: Ball
1-1: Swinging Strike
1-2: Strikes out swinging
Pitching: RHP Kimitada Takai
Batting: RHB José Herrera 0-0: Called Strike
0-1: Ball
1-1: Swinging Strike
1-2: Strikes out looking
Batting: LHB José Rivas 0-0: Ball
1-0: Ball
2-0: Fielders Choice at 2nd, 4-6 (Groundball, 4)
Top of the 8th over - 0 run(s), 1 hit(s), 0 error(s), 0 left on base; Maui 0 - Niagara Falls 2
BOTTOM OF THE 8TH
Niagara Falls Frenzy batting - Pitching for Maui Tropics : RHP Luis De Los Ángeles
Batting: RHB Kel Pierce 0-0: Swinging Strike
0-1: Fly out, F7 (Line Drive, 7)
Batting: LHB Yasuhiko Onodera 0-0: Foul Ball, location: 2F
0-1: Ball
1-1: Ball
2-1: Foul Ball, location: 2F
2-2: Ground out 3-1 (Groundball, 34)
Batting: LHB Clyde Yarbrough 0-0: Called Strike
0-1: Foul Ball, location: 2F
0-2: Ball
1-2: SINGLE (Line Drive, 89M)
Batting: SHB Martín De Jesús 0-0: Ball
1-0: Ball
2-0: Called Strike
2-1: Called Strike
2-2: Strikes out looking
Bottom of the 8th over - 0 run(s), 1 hit(s), 0 error(s), 1 left on base; Maui 0 - Niagara Falls 2
TOP OF THE 9TH
Maui Tropics batting - Pitching for Niagara Falls Frenzy : RHP Kimitada Takai
Pitching: RHP Esteban Juárez
Batting: RHB Michael Woodruff 0-0: Called Strike
0-1: Ball
1-1: Foul Ball, location: 2F
1-2: Ball
2-2: Strikes out swinging
Batting: RHB Matt Silver 0-0: Ground out 1-3 (Groundball, 13)
Batting: LHB Mario Olivares 0-0: Ball
1-0: Ball
2-0: Fly out, F7 (Flyball, 78D)
Top of the 9th over - 0 run(s), 0 hit(s), 0 error(s), 0 left on base; Maui 0 - Niagara Falls 2
Tuesday, August 8th, 2017 - OOTP Baseball 17.12 Build 75